[ AOE2 MATCH · #505945128 ]
UnrankedCelts vs Romans
Player's team · LOSS
Rival team · WIN
[ REPLAY ANALYSIS · EXTRACTED FROM THE RECORDED GAME ]
Feudal
12:11
Castle
15:41
Imperial
41:22
| APM avg | 44.6 |
| APM peak | 95 |
| eAPM avg | 22.8 |
| Villagers / military | 158 / 240 |
Focus
⚔️ 32.7% · 🌾 67.3%
Spearman ×107 · Woad Raider ×70 · Scorpion ×50 · Monk ×7 · Trebuchet (Packed) ×4 · Mangonel ×2
Feudal
9:44
Castle
23:34
Imperial
40:28
| APM avg | 48.2 |
| APM peak | 190 |
| eAPM avg | 30.4 |
| Villagers / military | 175 / 316 |
Focus
⚔️ 38.2% · 🌾 61.8%
Militia ×152 · Scout Cavalry ×42 · Centurion ×36 · Archer ×31 · Battering Ram ×28 · Mangonel ×18
Match map
Initial resources + every placement click. Lines = walls · curves = elevation contours. ◆ gold · ⬟ stone · ● berries · ✦ relic · ◌ wall gap
Your base· ✓ Closed at 15:41 · 50t walls · no gate
Mr.smeagoul's base· ✓ Closed at 23:34 · 33t walls · no gate
Smoothed initial terrain · ◌ = detected wall gap · hover for details
Inputs per minute
— AGS.BlackKnight - - Mr.smeagoul
Build order — AGS.BlackKnight
First 150 of 540 actions detected
| 0:00 | Create | Villager (Male) |
| 0:01 | Create | Villager (Male) |
| 0:02 | Build | House |
| 0:03 | Build | House |
| 0:12 | Create | Villager (Male) |
| 0:18 | Create | Villager (Male) |
| 1:27 | Create | Villager (Male) |
| 1:27 | Create | Villager (Male) |
| 1:58 | Create | Villager (Male) |
| 2:31 | Create | Villager (Male) |
| 2:33 | Create | Villager (Male) |
| 2:33 | Create | Villager (Male) |
| 3:00 | Build | Lumber Camp |
| 3:13 | Create | Villager (Male) |
| 3:20 | Create | Villager (Male) |
| 3:50 | Build | House |
| 3:55 | Build | Palisade Wall |
| 4:00 | Build | House |
| 4:00 | Create | Villager (Male) |
| 4:01 | Create | Villager (Male) |
| 4:05 | Create | Villager (Male) |
| 4:37 | Build | Palisade Wall |
| 5:00 | Create | Villager (Male) |
| 5:04 | Create | Villager (Male) |
| 5:18 | Build | House |
| 5:20 | Build | Palisade Wall |
| 5:21 | Build | Palisade Wall |
| 5:22 | Build | Palisade Wall |
| 5:23 | Build | Palisade Wall |
| 5:24 | Build | Palisade Wall |
| 5:26 | Build | Palisade Wall |
| 5:32 | Build | Palisade Wall |
| 5:37 | Build | Palisade Wall |
| 5:38 | Create | Villager (Male) |
| 5:53 | Create | Villager (Male) |
| 5:57 | Build | House |
| 5:59 | Build | Palisade Wall |
| 6:17 | Build | Palisade Wall |
| 6:24 | Create | Villager (Male) |
| 6:29 | Build | Palisade Wall |
| 6:30 | Build | Palisade Wall |
| 6:31 | Build | Palisade Wall |
| 6:31 | Build | Palisade Wall |
| 6:32 | Create | Villager (Male) |
| 6:49 | Create | Villager (Male) |
| 7:09 | Create | Villager (Male) |
| 7:14 | Build | Mill |
| 7:34 | Create | Villager (Male) |
| 7:47 | Build | Palisade Wall |
| 7:49 | Build | Palisade Wall |
| 7:51 | Build | Palisade Wall |
| 7:52 | Build | Palisade Wall |
| 7:53 | Build | Palisade Wall |
| 7:55 | Create | Villager (Male) |
| 8:06 | Build | House |
| 8:32 | Build | Palisade Wall |
| 8:35 | Build | Mill |
| 8:39 | Create | Villager (Male) |
| 9:04 | Research | Loom |
| 9:17 | Build | Mining Camp |
| 9:33 | Research | Feudal Age |
| 10:00 | Build | Mining Camp |
| 10:17 | Create | Villager (Male) |
| 10:17 | Create | Villager (Male) |
| 12:11 | Age | Feudal Age |
| 12:15 | Build | Market |
| 12:18 | Build | Blacksmith |
| 12:38 | Build | Mining Camp |
| 12:48 | Build | Stone Wall |
| 12:55 | Build | Watch Tower |
| 13:00 | Research | Castle Age |
| 13:21 | Build | Farm |
| 13:24 | Build | Farm |
| 13:44 | Build | Stone Wall |
| 13:49 | Build | Stone Wall |
| 13:51 | Build | Stone Wall |
| 13:54 | Build | Stone Wall |
| 14:06 | Build | House |
| 14:07 | Build | House |
| 14:45 | Research | Scale Mail Armor |
| 15:41 | Age | Castle Age |
| 16:12 | Build | House |
| 16:13 | Build | House |
| 16:21 | Build | Castle |
| 17:18 | Create | Woad Raider |
| 17:18 | Create | Woad Raider |
| 17:51 | Create | Woad Raider |
| 17:51 | Create | Woad Raider |
| 18:21 | Create | Woad Raider |
| 19:09 | Build | Farm |
| 19:10 | Build | Farm |
| 19:21 | Create | Woad Raider |
| 19:25 | Build | Monastery |
| 19:55 | Create | Monk |
| 20:11 | Create | Woad Raider |
| 20:32 | Build | Farm |
| 20:35 | Create | Villager (Male) |
| 20:38 | Build | Farm |
| 20:40 | Build | Farm |
| 21:09 | Create | Woad Raider |
| 21:09 | Create | Woad Raider |
| 21:25 | Create | Villager (Male) |
| 21:41 | Build | Siege Workshop |
| 21:48 | Create | Woad Raider |
| 22:02 | Create | Woad Raider |
| 22:22 | Create | Villager (Male) |
| 22:24 | Create | Woad Raider |
| 22:24 | Create | Woad Raider |
| 22:44 | Create | Woad Raider |
| 22:49 | Create | Mangonel |
| 23:02 | Create | Villager (Male) |
| 23:21 | Create | Woad Raider |
| 23:22 | Create | Villager (Male) |
| 23:29 | Build | House |
| 23:36 | Create | Woad Raider |
| 23:53 | Create | Woad Raider |
| 24:12 | Create | Mangonel |
| 24:36 | Create | Villager (Male) |
| 24:56 | Create | Villager (Male) |
| 25:12 | Create | Woad Raider |
| 25:40 | Create | Villager (Male) |
| 25:40 | Create | Villager (Male) |
| 25:53 | Create | Woad Raider |
| 25:53 | Create | Woad Raider |
| 25:54 | Create | Villager (Male) |
| 26:10 | Create | Villager (Male) |
| 26:12 | Build | Farm |
| 26:18 | Create | Villager (Male) |
| 27:01 | Research | Wheelbarrow |
| 27:15 | Create | Woad Raider |
| 27:15 | Create | Woad Raider |
| 27:48 | Create | Villager (Male) |
| 27:54 | Build | Town Center |
| 28:05 | Create | Villager (Male) |
| 28:13 | Create | Woad Raider |
| 28:16 | Create | Monk |
| 28:47 | Create | Villager (Male) |
| 28:48 | Create | Villager (Male) |
| 28:54 | Create | Villager (Male) |
| 29:04 | Build | Gate |
| 29:21 | Create | Villager (Male) |
| 29:40 | Create | Woad Raider |
| 29:58 | Build | Town Center |
| 30:04 | Create | Villager (Male) |
| 30:10 | Build | Farm |
| 30:18 | Build | Farm |
| 30:19 | Build | Farm |
| 30:19 | Build | Farm |
| 30:22 | Build | Farm |
| 30:27 | Create | Villager (Male) |
Build order — Mr.smeagoul
First 150 of 746 actions detected
| 0:00 | Create | Villager (Male) |
| 0:03 | Build | House |
| 0:04 | Build | House |
| 0:10 | Create | Villager (Male) |
| 0:11 | Create | Villager (Male) |
| 0:15 | Create | Villager (Male) |
| 1:17 | Create | Villager (Male) |
| 2:09 | Create | Villager (Male) |
| 2:09 | Create | Villager (Male) |
| 2:23 | Build | Lumber Camp |
| 2:31 | Create | Villager (Male) |
| 2:42 | Create | Villager (Male) |
| 3:17 | Create | Villager (Male) |
| 3:30 | Build | House |
| 3:52 | Create | Villager (Male) |
| 3:53 | Create | Villager (Male) |
| 4:05 | Build | Mill |
| 4:51 | Create | Villager (Male) |
| 5:11 | Create | Villager (Male) |
| 5:14 | Create | Villager (Male) |
| 5:14 | Create | Villager (Male) |
| 6:22 | Create | Villager (Male) |
| 6:23 | Research | Loom |
| 6:35 | Build | Barracks |
| 7:01 | Build | Mining Camp |
| 7:20 | Research | Feudal Age |
| 7:31 | Build | House |
| 8:23 | Create | Villager (Male) |
| 8:43 | Build | House |
| 9:10 | Create | Villager (Male) |
| 9:44 | Age | Feudal Age |
| 9:50 | Build | Archery Range |
| 9:52 | Research | Double-Bit Axe |
| 9:54 | Build | Blacksmith |
| 9:56 | Build | House |
| 10:13 | Create | Villager (Male) |
| 10:21 | Build | Watch Tower |
| 10:33 | Build | Archery Range |
| 10:49 | Research | Fletching |
| 11:03 | Create | Archer |
| 11:05 | Create | Archer |
| 11:09 | Create | Villager (Male) |
| 11:28 | Create | Archer |
| 11:29 | Create | Archer |
| 11:34 | Create | Villager (Male) |
| 11:42 | Create | Archer |
| 11:59 | Build | Mining Camp |
| 12:05 | Create | Villager (Male) |
| 12:07 | Create | Archer |
| 12:07 | Create | Archer |
| 12:10 | Build | House |
| 12:14 | Create | Villager (Male) |
| 12:35 | Research | Town Watch |
| 12:36 | Create | Archer |
| 13:00 | Create | Villager (Male) |
| 13:01 | Create | Archer |
| 13:05 | Build | Market |
| 13:08 | Build | House |
| 13:09 | Create | Villager (Male) |
| 13:15 | Create | Archer |
| 13:24 | Create | Archer |
| 13:29 | Build | House |
| 13:35 | Create | Villager (Male) |
| 13:48 | Create | Villager (Male) |
| 14:04 | Create | Archer |
| 14:16 | Create | Archer |
| 14:28 | Build | Watch Tower |
| 14:30 | Create | Villager (Male) |
| 14:42 | Build | Watch Tower |
| 14:47 | Create | Villager (Male) |
| 14:55 | Build | House |
| 14:58 | Create | Villager (Male) |
| 15:19 | Create | Archer |
| 15:19 | Create | Archer |
| 15:21 | Create | Villager (Male) |
| 15:36 | Research | Wheelbarrow |
| 15:37 | Create | Archer |
| 16:32 | Create | Archer |
| 16:32 | Create | Archer |
| 16:37 | Create | Villager (Male) |
| 16:45 | Build | Farm |
| 16:45 | Build | Farm |
| 16:46 | Build | Farm |
| 16:46 | Build | Farm |
| 16:46 | Build | Farm |
| 16:46 | Build | Farm |
| 16:46 | Build | Farm |
| 16:47 | Build | Farm |
| 16:48 | Create | Villager (Male) |
| 16:50 | Create | Archer |
| 17:16 | Build | House |
| 17:20 | Create | Villager (Male) |
| 17:29 | Build | House |
| 17:30 | Build | House |
| 17:33 | Build | House |
| 17:35 | Build | Palisade Wall |
| 17:37 | Build | Palisade Wall |
| 17:46 | Build | Farm |
| 17:51 | Build | Farm |
| 17:54 | Build | Farm |
| 18:34 | Build | House |
| 18:34 | Build | House |
| 18:36 | Create | Villager (Male) |
| 18:44 | Build | Palisade Wall |
| 19:02 | Create | Archer |
| 19:02 | Create | Archer |
| 19:07 | Create | Villager (Male) |
| 19:09 | Build | Farm |
| 19:11 | Build | Farm |
| 19:16 | Create | Villager (Male) |
| 19:18 | Build | Palisade Wall |
| 19:19 | Build | Palisade Wall |
| 19:23 | Build | Palisade Wall |
| 19:24 | Build | Palisade Wall |
| 19:25 | Create | Villager (Male) |
| 19:29 | Build | Palisade Wall |
| 19:32 | Build | Palisade Wall |
| 19:33 | Build | Palisade Wall |
| 19:39 | Build | Palisade Wall |
| 19:40 | Build | Palisade Wall |
| 19:46 | Build | Palisade Wall |
| 19:52 | Build | Mill |
| 20:11 | Create | Archer |
| 20:15 | Create | Villager (Male) |
| 20:38 | Build | Palisade Wall |
| 20:44 | Create | Villager (Male) |
| 20:54 | Research | Castle Age |
| 21:04 | Build | Lumber Camp |
| 21:07 | Create | Archer |
| 21:08 | Create | Archer |
| 21:10 | Create | Archer |
| 21:10 | Create | Archer |
| 21:25 | Create | Archer |
| 21:50 | Create | Archer |
| 21:50 | Create | Archer |
| 21:53 | Research | Padded Archer Armor |
| 21:58 | Research | Gold Mining |
| 22:04 | Research | Horse Collar |
| 22:26 | Create | Villager (Male) |
| 22:29 | Build | Palisade Wall |
| 22:47 | Create | Archer |
| 22:48 | Create | Archer |
| 23:34 | Age | Castle Age |
| 23:39 | Research | Crossbowman (upgrade) |
| 23:41 | Research | Bodkin Arrow |
| 23:43 | Create | Villager (Male) |
| 23:50 | Research | Crossbowman (upgrade) |
| 23:54 | Build | Archery Range |
| 24:04 | Build | Castle |
| 24:08 | Research | Bow Saw |
Match timeline
| 3:55 | AGS.BlackKnight · wall_segment Palisade Wall x1 |
| 4:37 | AGS.BlackKnight · wall_segment Palisade Wall x6 |
| 5:20 | AGS.BlackKnight · wall_segment Palisade Wall x3 |
| 5:21 | AGS.BlackKnight · wall_segment Palisade Wall x1 |
| 5:22 | AGS.BlackKnight · wall_segment Palisade Wall x1 |
| 5:23 | AGS.BlackKnight · wall_segment Palisade Wall x1 |
| 5:24 | AGS.BlackKnight · wall_segment Palisade Wall x1 |
| 5:26 | AGS.BlackKnight · wall_segment Palisade Wall x1 |
| 5:32 | AGS.BlackKnight · wall_segment Palisade Wall x4 |
| 5:37 | AGS.BlackKnight · wall_segment Palisade Wall x5 |
| 5:59 | AGS.BlackKnight · wall_segment Palisade Wall x6 |
| 6:17 | AGS.BlackKnight · wall_segment Palisade Wall x1 |
| 6:29 | AGS.BlackKnight · wall_segment Palisade Wall x5 |
| 6:30 | AGS.BlackKnight · wall_segment Palisade Wall x1 |
| 6:31 | AGS.BlackKnight · wall_segment Palisade Wall x1 |
| 6:31 | AGS.BlackKnight · wall_segment Palisade Wall x1 |
| 6:35 | Mr.smeagoul · first_building Barracks |
| 7:47 | AGS.BlackKnight · wall_segment Palisade Wall x1 |
| 7:49 | AGS.BlackKnight · wall_segment Palisade Wall x1 |
| 7:51 | AGS.BlackKnight · wall_segment Palisade Wall x1 |
| 7:52 | AGS.BlackKnight · wall_segment Palisade Wall x1 |
| 7:53 | AGS.BlackKnight · wall_segment Palisade Wall x1 |
| 8:32 | AGS.BlackKnight · wall_segment Palisade Wall x1 |
| 9:44 | Mr.smeagoul · age_up feudal |
| 9:50 | Mr.smeagoul · first_building Archery Range |
| 12:11 | AGS.BlackKnight · age_up feudal |
| 12:48 | AGS.BlackKnight · wall_segment Stone Wall x1 |
| 13:44 | AGS.BlackKnight · wall_segment Stone Wall x2 |
| 13:49 | AGS.BlackKnight · wall_segment Stone Wall x1 |
| 13:51 | AGS.BlackKnight · wall_segment Stone Wall x1 |
| 13:54 | AGS.BlackKnight · wall_segment Stone Wall x1 |
| 15:41 | AGS.BlackKnight · age_up castle |
| 16:04 | AGS.BlackKnight · first_market_sell 100 wood |
| 16:05 | AGS.BlackKnight · first_market_buy 100 stone |
| 16:21 | AGS.BlackKnight · first_building Castle |
| 17:35 | Mr.smeagoul · wall_segment Palisade Wall x3 |
| 17:37 | Mr.smeagoul · wall_segment Palisade Wall x3 |
| 18:44 | Mr.smeagoul · wall_segment Palisade Wall x1 |
| 19:18 | Mr.smeagoul · wall_segment Palisade Wall x1 |
| 19:19 | Mr.smeagoul · wall_segment Palisade Wall x1 |
| 19:23 | Mr.smeagoul · wall_segment Palisade Wall x1 |
| 19:24 | Mr.smeagoul · wall_segment Palisade Wall x5 |
| 19:25 | AGS.BlackKnight · first_building Monastery |
| 19:29 | Mr.smeagoul · wall_segment Palisade Wall x1 |
| 19:32 | Mr.smeagoul · wall_segment Palisade Wall x3 |
| 19:33 | Mr.smeagoul · wall_segment Palisade Wall x5 |
| 19:39 | Mr.smeagoul · wall_segment Palisade Wall x1 |
| 19:40 | Mr.smeagoul · wall_segment Palisade Wall x2 |
| 19:46 | Mr.smeagoul · wall_segment Palisade Wall x6 |
| 20:38 | Mr.smeagoul · wall_segment Palisade Wall x1 |
| 21:09 | Mr.smeagoul · first_market_buy 100 wood |
| 21:41 | AGS.BlackKnight · first_building Siege Workshop |
| 22:29 | Mr.smeagoul · wall_segment Palisade Wall x1 |
| 23:34 | Mr.smeagoul · age_up castle |
| 24:04 | Mr.smeagoul · first_building Castle |
| 24:14 | Mr.smeagoul · first_building Stable |
| 25:25 | Mr.smeagoul · first_market_sell 100 food |
| 30:42 | Mr.smeagoul · first_building Monastery |
| 31:02 | Mr.smeagoul · wall_segment Palisade Wall x1 |
| 31:06 | Mr.smeagoul · wall_segment Palisade Wall x1 |
| 35:18 | AGS.BlackKnight · first_building Barracks |
| 40:28 | Mr.smeagoul · age_up imperial |
| 41:22 | AGS.BlackKnight · age_up imperial |
| 42:29 | Mr.smeagoul · wall_segment Stone Wall x1 |
| 51:58 | Mr.smeagoul · first_building Siege Workshop |
| 53:52 | AGS.BlackKnight · wall_segment Palisade Wall x1 |
| 56:57 | AGS.BlackKnight · wall_segment Palisade Wall x1 |
| 59:32 | Mr.smeagoul · wall_segment Palisade Wall x6 |
| 59:33 | Mr.smeagoul · wall_segment Palisade Wall x7 |
| 59:34 | Mr.smeagoul · wall_segment Palisade Wall x6 |
| 59:34 | Mr.smeagoul · wall_segment Palisade Wall x4 |
| 59:35 | Mr.smeagoul · wall_segment Palisade Wall x3 |
| 59:40 | Mr.smeagoul · wall_segment Palisade Wall x7 |
| 59:41 | Mr.smeagoul · wall_segment Palisade Wall x6 |
| 59:42 | Mr.smeagoul · wall_segment Palisade Wall x7 |
| 59:42 | Mr.smeagoul · wall_segment Palisade Wall x2 |
| 59:43 | Mr.smeagoul · wall_segment Palisade Wall x3 |
| 60:01 | Mr.smeagoul · wall_segment Palisade Wall x13 |
| 60:02 | Mr.smeagoul · wall_segment Palisade Wall x10 |
| 60:03 | Mr.smeagoul · wall_segment Palisade Wall x12 |
| 60:04 | Mr.smeagoul · wall_segment Palisade Wall x6 |
| 60:05 | Mr.smeagoul · wall_segment Palisade Wall x7 |
| 60:13 | Mr.smeagoul · wall_segment Palisade Wall x10 |
| 60:14 | Mr.smeagoul · wall_segment Palisade Wall x11 |
| 60:15 | Mr.smeagoul · wall_segment Palisade Wall x7 |
| 60:16 | Mr.smeagoul · wall_segment Palisade Wall x6 |
| 60:17 | Mr.smeagoul · wall_segment Palisade Wall x6 |
| 65:35 | AGS.BlackKnight · resign |
[ AI ANALYSIS · 1 CREDIT ]
What really happened in this match?
Wolo.gg analyzes every decision: build order, eco, micro, common mistakes by bracket. Personalized analysis on WhatsApp or Discord in 30 seconds.
Civ guide
Celts
Perfil
Jugador #737207